 Dungeon Crawl Stone Soup version 0.21-a0-19-g210df22 (webtiles) character file.

604949 Vinniefish the Eclecticist (level 27, -14/283 HPs)
             Began as a Naga Venom Mage on May 24, 2017.
             Was the Champion of Vehumet.
             Demolished by a vault warden
             ... wielding a +1 great sword of protection
              (22 damage)
             ... on level 5 of the Vaults on May 25, 2017.
             The game lasted 06:29:31 (78626 turns).

Vinniefish the Eclecticist (Naga Venom Mage)       Turns: 78626, Time: 06:29:32

Health: -14/283    AC: 29    Str: 15    XL:     27
Magic:  15/46      EV: 12    Int: 24    God:    Vehumet [******]
Gold:   2480       SH:  0    Dex: 16    Spells: 8/64 levels left

rFire    + . .     SeeInvis +   t - +7 morningstar (vamp)
rCold    . . .     Gourm    .   u - +4 shield {reflect}
rNeg     . . .     Faith    .   R - +4 troll leather armour
rPois    +         Spirit   .   (helmet restricted)
rElec    .         Reflect  +   j - scarf {repulsion}
rCorr    .         Harm     .   a - +0 pair of gloves
MR       +++++     Clarity  +   p - +4 naga barding
Stlth    +.........             v - amulet of regeneration
Regen    1.4/turn               Y - ring of protection from fire
MPRegen  0.3/turn               l - ring "Nudeduaq" {MR++ AC+2}

@: confused, very slightly contaminated, heavily drained, invisible, repel
missiles, very slow
A: antennae 1, see invisible, agile 1, clarity, deformed body, poison
resistance, robust 1, slowness 2, slow metabolism 1, spit poison 1, strong 1,
constrict 1, AC +9
}: 2/15 runes: decaying, serpentine
a: Spit Poison, Renounce Religion


You were on level 5 of the Vaults.
You worshipped Vehumet.
Vehumet was exalted by your worship.
You were very hungry.

You visited 8 branches of the dungeon, and saw 42 of its levels.
You also visited: Labyrinth and Sewer.

You collected 5468 gold pieces.
You spent 2988 gold pieces at shops.

Inventory:

Hand Weapons
 t - a +7 vampiric morningstar (weapon)
Armour
 a - a +0 pair of gloves (worn)
 j - a scarf of repulsion (worn)
 o - +0 fire dragon scales
 p - a +4 naga barding (worn)
 u - a +4 shield of reflection (worn)
 R - a +4 troll leather armour (worn)
 S - the +1 buckler of Tutiev {+Inv MR++}
   (You found it on level 4 of the Lair of Beasts)

   It affects your resistance to hostile enchantments.
   It lets you turn invisible.
Jewellery
 k - an uncursed ring of magical power
 l - the ring "Nudeduaq" (right hand) {MR++ AC+2}
   (You found it in a labyrinth)

   [ring of protection]

   It affects your AC (+2).
   It affects your resistance to hostile enchantments.
 v - an amulet of regeneration (around neck)
 E - an uncursed ring of resist corrosion
 J - an uncursed ring of protection from cold
 U - an uncursed ring of wizardry
 Y - a ring of protection from fire (left hand)
Wands
 h - a wand of acid (7/15)
 A - a wand of lightning (1/15)
 G - a wand of digging (9/24)
 O - a wand of iceblast (8/15)
Scrolls
 b - 8 scrolls of identify
 i - a scroll of silence
 m - 20 scrolls of remove curse
 n - 5 scrolls of recharging
 y - 9 scrolls of fear
 D - 5 scrolls of fog
 H - a scroll of amnesia
 Q - 4 scrolls of holy word
 X - 7 scrolls of magic mapping
Potions
 d - 8 potions of curing
 f - 10 potions of flight
 g - 3 potions of mutation
 q - 2 potions of cancellation
 r - 4 potions of lignification
 s - 2 potions of might
 w - 4 potions of brilliance
 z - 2 potions of ambrosia
 C - 4 potions of agility
 F - 3 potions of invisibility
 L - 6 potions of resistance
 P - 3 potions of haste
 V - 4 potions of berserk rage
Books
 e - a book of Fire

   Spells                             Type                      Level
   a - Ignite Poison                  Fire/Transmutation/Poison    3
   b - Fireball                       Conjuration/Fire             5
   c - Bolt of Fire                   Conjuration/Fire             6
   d - Ring of Flames                 Charms/Fire                  7
   e - Ignition                       Fire                         8
 B - Sif Muna's Tome of Air and the Escort
   (You found it on level 3 of the Vaults)

   Spells                             Type                      Level
   a - Summon Small Mammal            Summoning                    1
   b - Airstrike                      Air                          4
   c - Conjure Ball Lightning         Conjuration/Air              6
   d - Dragon's Call                  Summoning                    9
 I - a book of Ice

   Spells                             Type                      Level
   a - Ice Form                       Ice/Transmutation            4
   b - Metabolic Englaciation         Hexes/Ice                    5
   c - Ozocubu's Refrigeration        Ice                          6
   d - Bolt of Cold                   Conjuration/Ice              6
   e - Freezing Cloud                 Conjuration/Ice/Air          6
   f - Simulacrum                     Ice/Necromancy               6
 K - a book of Party Tricks

   Spells                             Type                      Level
   a - Summon Butterflies             Summoning                    1
   b - Apportation                    Translocation                1
   c - Lesser Beckoning               Translocation                3
   d - Tukima's Dance                 Hexes                        3
   e - Alistair's Intoxication        Transmutation/Poison         5
   f - Invisibility                   Hexes                        6
 N - a book of Geomancy

   Spells                             Type                      Level
   a - Sandblast                      Earth                        1
   b - Passwall                       Transmutation/Earth          2
   c - Stone Arrow                    Conjuration/Earth            3
   d - Petrify                        Transmutation/Earth          4
   e - Lee's Rapid Deconstruction     Earth                        5
Comestibles
 c - 15 bread rations
 M - a chunk of flesh


   Skills:
 + Level 17.2(15.0) Fighting
 - Level 10.4(8.6) Maces & Flails
 + Level 9.2(7.4) Armour
 + Level 10.0(8.1) Dodging
 - Level 10.4(8.6) Stealth
 - Level 9.4(7.6) Shields
 + Level 19.2(16.9) Spellcasting
 + Level 16.4(14.3) Conjurations
 + Level 17.5(15.3) Fire Magic
 - Level 9.7(7.9) Ice Magic
 - Level 9.9(8.0) Air Magic
 * Level 17.1(14.9) Earth Magic
 - Level 10.2(8.4) Poison Magic


You had 8 spell levels left.
You knew the following spells:

 Your Spells              Type           Power        Failure   Level  Hunger
a - Sting                 Conj/Pois      ####         1%          1    None
b - Ignition              Fire           #######...   13%         8    #######
c - Bolt of Fire          Conj/Fire      #######...   1%          6    ####...
d - Mephitic Cloud        Conj/Pois/Air  ######..     1%          3    None
e - Fireball              Conj/Fire      #######...   1%          5    None
f - Freezing Cloud        Conj/Ice/Air   ######....   2%          6    ####...
g - Bolt of Cold          Conj/Ice       ######....   1%          6    ####...
h - Airstrike             Air            ######....   1%          4    None
i - Poison Arrow          Conj/Pois      ######....   1%          6    ####...
j - Summon Butterflies    Summ           ###.....     4%          1    None
k - Lehudib's Crystal Sp  Conj/Erth      ######....   17%         8    #######
B - Blink                 Tloc           N/A          6%          2    None


Dungeon Overview and Level Annotations

Branches:
Dungeon (15/15)            Temple (1/1) D:4            Lair (6/6) D:11
  Swamp (4/4) Lair:2        Snake (4/4) Lair:4        Slime (0/5) Lair:6
    Orc (2/2) D:10            Elf (0/3) Orc:2        Vaults (5/5) D:13
  Crypt (0/3) Vaults:2     Depths (5/5) D:15            Zot (0/5) Depths:5

Altars:
Ashenzari
Dithmenos
Fedhas
Gozag
Hepliaklqana
Kikubaaqudgha
Makhleb
Nemelex Xobeh
Okawaru
Ru
Sif Muna
Trog
Uskayaw
Vehumet
Xom
Yredelemnul
Zin
The Shining One
Beogh

Shops:
D:11 *   D:13 (   D:14 }   Orc:1 ?   Orc:2 !:[   Snake:4 (   Vaults:3 *
Depths:5 *

Portals:
Hell: Lair:6 Depths:1 Depths:2 Depths:3 Depths:4 Depths:5
Abyss: Depths:1 Depths:4
Pandemonium: Orc:2 Depths:2 Depths:3
Ziggurat: Depths:5

Annotations:
D:3 withersans's ghost, amateur DsMo
Lair:3 exclusion: 2 oklob plants
Vaults:2 Mennas
Abyss:1 Sonja


Innate Abilities, Weirdness & Mutations

You cannot wear boots.
Your serpentine skin is tough. (AC +9)
You have supernaturally acute eyesight. (SInv)
Armour fits poorly on your strangely shaped body.
Your system is resistant to poisons. (rPois)
You cover ground very slowly.
You have a slow metabolism.
You can spit poison.
You can use your snake-like lower body to constrict enemies.
You have a pair of small antennae on your head.
You are agile. (Dex +2)
You possess an exceptional clarity of mind.
You are robust. (+10% HP)
Your muscles are strong. (Str +2)


Message History

The ancient lich is engulfed in freezing vapours.
The ironheart preserver is engulfed in freezing vapours.
You kill the ironheart preserver!
Vehumet accepts your kill.
You feel your power returning.
You are confused.
You feel invigorated.
The battlesphere is engulfed in freezing vapours. x2
The fire giant is engulfed in freezing vapours.
The tengu reaver is engulfed in freezing vapours.
You bump into the heavily etched metal wall.
The battlesphere is engulfed in freezing vapours.
The ancient lich touches you but does no damage.
The tengu reaver is engulfed in freezing vapours.
The fire giant is engulfed in freezing vapours.
The ancient lich conjures a glowing orb.
The wavering orb of destruction weakly hits you!
* * * LOW HITPOINT WARNING * * *
The vault warden hits you with a great sword of protection!!
You die...

.##.(##....#..#)
##T #§.§.#.#)#)
#§*..# #§§.T#
#CQ§.# #§...#
#....# #Lp..#
#@...# #....#
#....# #....#
#....# #....#
#....# #....#


You could see an ancient lich, a fire giant, a vault warden, a tengu reaver, a
deep troll earth mage and a battlesphere.

Vanquished Creatures
  An ancient lich (Vaults:4)
  Mara (Depths:3)
  Sojobo (Vaults:4)
  Frederick (Vaults:3)
  Saint Roka (Depths:5)
  Vashnia (Snake:1)
  Xtahua (Depths:5)
  A caustic shrike (Depths:3)
  Jory (Depths:5)
  3 golden dragons
  A bone dragon (Depths:5)
  A Tzitzimitl (Depths:4)
  3 liches
  Asterion (Snake:3)
  5 tentacled monstrosities
  The ghost of Strat the Eclecticist, an adept TeWz of Vehumet (Vaults:2)
  4 titans
  2 quicksilver dragons
  An ancient champion (Vaults:4)
  4 thorn hunters
  Agnes (Snake:3)
  3 sphinxes
  9 tengu reavers
  Donald (Snake:3)
  7 shadow dragons
  A draconian monk (Depths:5)
  9 storm dragons
  2 daevas (Depths:5)
  9 fire giants
  2 iron dragons
  8 nagarajas (Snake:4)
  A draconian knight (Depths:5)
  14 vault wardens
  3 deep elf sorcerers (Vaults:4)
  10 frost giants
  Aizul (Snake:2)
  Louise (D:15)
  An orc warlord (Vaults:4)
  3 deep elf elementalists
  4 war gargoyles
  20 ironheart preservers
  4 spriggan defenders
  A draconian stormcaller (Depths:5)
  26 stone giants
  37 very ugly things
  An entropy weaver (Vaults:2)
  5 vampire knights
  2 black draconians (Depths:5)
  4 deep elf annihilators
  13 spark wasps
  A yellow draconian (Depths:5)
  5 deep elf demonologists
  A purple draconian (Depths:5)
  3 deep elf death magi
  A minotaur (Lab)
  14 ettins
  A crystal guardian (Vaults:2)
  13 fire dragons
  7 rakshasas
  20 yaktaur captains
  A deep elf high priest (Vaults:5)
  Erolcha (D:9)
  7 great orbs of eyes
  21 hydras
  45 vault guards
  16 ice dragons
  17 naga warriors
  A hell beast (Lair:6)
  4 spriggan air magi
  A peacekeeper (Vaults:2)
  19 anacondas
  A ghost crab (Swamp:3)
  10 centaur warriors
  21 ogre magi
  5 death knights
  3 death yaks (D:11)
  6 alligators
  4 tengu warriors
  9 deep troll shamans
  72 two-headed ogres
  20 naga sharpshooters
  8 shock serpents
  4 vampire magi (Depths:2)
  6 deep troll earth magi
  4 orc high priests (Orc:2)
  The ghost of Jarlath the Frost Mage, a journeyman DEIE of Vehumet (Orc:2)
  Urug (Lair:3)
  23 hell knights
  7 deep elf knights
  5 spriggan berserkers
  A fire crab (shapeshifter) (Vaults:1)
  7 salamander mystics
  4 shadow wraiths
  Nergalle (Orc:1)
  A sixfirhy (Orc:2)
  6 skeletal warriors
  3 shadow demons (Depths:4)
  A sea snake (shapeshifter) (Vaults:4)
  A death drake (shapeshifter) (Vaults:5)
  23 deep trolls
  3 iron trolls (Depths:3)
  11 swamp dragons
  A gelid demonspawn (Orc:2)
  3 flayed ghosts
  5 unseen horrors
  A glowing orange brain (Vaults:4)
  An infernal demonspawn (Orc:2)
  A torturous demonspawn (Orc:2)
  An obsidian statue (D:12)
  7 deep elf archers
  4 spriggan druids
  6 wizards
  7 phantasmal warriors
  4 lindwurms (Snake:4)
  2 shambling mangroves
  16 ironbrand convokers
  6 naga ritualists
  A swamp dragon (shapeshifter) (Depths:2)
  17 orc knights
  A harpy (shapeshifter) (Vaults:2)
  3 necromancers
  11 deep elf magi
  76 ugly things
  4 harpies (Vaults:4)
  14 salamanders
  16 mana vipers
  9 cyclopes
  4 wolf spiders
  A wolf spider (shapeshifter) (Depths:3)
  A manticore (D:11)
  13 elephants (Lair:6)
  12 orc sorcerers
  50 black mambas
  A black mamba (shapeshifter) (Depths:1)
  7 guardian serpents (Snake:4)
  11 vault sentinels
  26 naga magi
  4 rust devils
  8 centaur skeletons
  A torpor snail (Lair:6)
  5 gargoyles
  21 spiny frogs
  A redback zombie (D:13)
  A spiny frog (shapeshifter) (Vaults:2)
  4 rime drakes
  9 komodo dragons
  4 kobold demonologists (D:15)
  7 freezing wraiths
  3 ice devils (Lair:6)
  66 yaktaurs
  4 tengu conjurers
  A hellwing (Lair:6)
  A queen bee (D:9)
  2 trolls (shapeshifter)
  9 trolls
  Grinder (D:5)
  3 red devils
  7 tyrant leeches
  10 hornets
  3 polar bears
  10 blink frogs
  38 slime creatures
  7 dream sheep (Lair:6)
  13 bog bodies
  2 saltlings (Vaults:2)
  A stone giant simulacrum (Vaults:2)
  A hippogriff (shapeshifter) (Vaults:2)
  13 hippogriffs
  4 redbacks (Vaults:2)
  7 spriggans
  2 air elementals (Depths:4)
  10 shadows
  A vampire (D:15)
  8 water elementals
  5 wraiths
  26 yaks
  A human (D:7)
  5 wyverns
  4 basilisks
  4 hogs (D:7)
  Eustachio (D:5)
  A basilisk (shapeshifter) (Vaults:1)
  4 hungry ghosts (Lab)
  26 vampire mosquitoes
  13 wargs
  53 nagas
  14 insubstantial wisps
  3 soldier ants
  15 water moccasins
  23 swamp worms
  3 acid dragons
  5 hell hounds (Lair:6)
  4 sky beasts
  3 floating eyes (shapeshifter)
  4 floating eyes
  68 orc warriors
  11 porcupines
  3 black bears
  7 necrophages
  9 swamp drakes
  6 ice beasts
  4 phantoms
  7 wolves
  56 ogres
  15 boggarts
  25 centaurs
  21 crocodiles
  A boggart (shapeshifter) (Vaults:4)
  2 big kobolds
  Blork the orc (D:5)
  19 bullfrogs
  An elf simulacrum (Vaults:1)
  A glowing shapeshifter simulacrum (Vaults:2)
  A wyvern skeleton (D:15)
  3 scorpions
  A human simulacrum (Vaults:3)
  34 killer bees
  2 electric eels (D:13)
  17 wights
  10 howler monkeys
  8 crimson imps
  2 quasits
  4 lava snakes (Lab)
  6 bullfrog zombies
  6 centaur zombies
  A hound (shapeshifter) (D:15)
  8 hounds
  50 orc priests
  2 bullfrog skeletons
  7 jellies
  Terence (D:2)
  4 iguanas
  27 orc wizards
  8 worker ants
  A worker ant (shapeshifter) (D:15)
  A hell rat (D:11)
  A hound zombie (D:8)
  2 hound skeletons
  A worker ant zombie (D:6)
  10 gnolls
  9 adders
  2 river rats (D:11)
  6 shadow imps
  2 white imps (Vaults:4)
  2 oozes
  2 adder zombies
  2 adder skeletons (D:7)
  3 worms
  A dart slug (D:3)
  7 leopard geckos
  153 orcs
  8 bats
  4 giant cockroaches
  12 goblins
  6 hobgoblins
  A hobgoblin (shapeshifter) (Depths:5)
  11 jackals
  10 quokkas
  A ball python (D:1)
  6 frilled lizards
  A jackal skeleton (D:5)
  23 kobolds
  12 rats
  7 bushes
2327 creatures vanquished.

Vanquished Creatures (collateral kills)
  A fire giant (Depths:2)
  A great orb of eyes (Depths:2)
  An ice dragon (Depths:2)
  2 killer bees
5 creatures vanquished.

Vanquished Creatures (others)
  A vault warden (Vaults:3)
  4 stone giants
  An ogre mage (Vaults:2)
  4 yaktaur captains
  A deep elf high priest (Vaults:5)
  3 centaur warriors
  A naga mage (Snake:4)
  21 yaktaurs
  A komodo dragon (shapeshifter) (Vaults:3)
  A hornet (Depths:3)
  A yak (D:12)
  2 centaurs (Vaults:1)
  3 killer bees (D:9)
  11 bushes (Lair:6)
  32 fungi
  27 plants
114 creatures vanquished.

Grand Total: 2446 creatures vanquished

Notes
Turn   | Place    | Note
-------+----------+-------------------------------------------
     0 | D:1      | Vinniefish the Naga Venom Mage began the quest for the Orb.
     0 | D:1      | Reached XP level 1. HP: 15/15 MP: 3/3
     0 | D:1      | Noticed a tentacled monstrosity
     1 | D:1      | Noticed an ice dragon
     3 | D:1      | Noticed a shadow dragon
     5 | D:1      | Noticed a large abomination
     6 | D:1      | Noticed a shadow dragon
     7 | D:1      | Noticed a yellow draconian
     8 | D:1      | Noticed an ice dragon
    12 | D:1      | Noticed an iron dragon
    14 | D:1      | Noticed a large abomination
    16 | D:1      | Noticed a tentacled monstrosity
    16 | D:1      | Noticed an ice dragon
    18 | D:1      | Noticed an iron dragon
    20 | D:1      | Noticed a red draconian
   488 | D:1      | Reached XP level 2. HP: 7/22 MP: 0/5
   722 | D:1      | Learned a level 2 spell: Poisonous Vapours
  1340 | D:1      | Reached skill level 1 in Air Magic
  1474 | D:1      | Reached XP level 3. HP: 13/28 MP: 1/6
  1644 | D:1      | Learned a level 3 spell: Mephitic Cloud
  2481 | D:2      | Noticed Terence
  2494 | D:2      | Killed Terence
  2494 | D:2      | Reached XP level 4. HP: 30/36 MP: 0/7
  3476 | D:3      | Noticed withersans's ghost (amateur DsMo)
  3702 | D:3      | Found a glowing drain.
  3711 | Sewer    | Entered a sewer
  3723 | Sewer    | Reached XP level 5. HP: 30/43 MP: 1/9
  3921 | Sewer    | Noticed a big kobold
  3988 | Sewer    | Killed a big kobold
  3988 | Sewer    | Reached skill level 1 in Fighting
  3988 | Sewer    | Reached skill level 1 in Maces & Flails
  4038 | Sewer    | Found a white marble altar of Elyvilon.
  4120 | D:3      | Found a sparkling altar of Nemelex Xobeh.
  4299 | D:3      | Reached XP level 6. HP: 51/51 MP: 5/10
  4327 | D:3      | Learned a level 4 spell: Olgreb's Toxic Radiance
  4371 | D:3      | Reached skill level 3 in Spellcasting
  4632 | D:3      | Reached skill level 5 in Stealth
  5045 | D:4      | Reached skill level 5 in Poison Magic
  5199 | D:4      | Reached XP level 7. HP: 57/57 MP: 0/11
  5632 | D:4      | Found a staircase to the Ecumenical Temple.
  5638 | Temple   | Entered the Ecumenical Temple
  5744 | Temple   | Became a worshipper of Vehumet
  5896 | D:5      | Entered Level 5 of the Dungeon
  5966 | D:5      | Noticed Grinder
  5969 | D:5      | Noticed Blork the orc
  5983 | D:5      | Killed Blork the orc
  5990 | D:5      | Killed Grinder
  6278 | D:5      | Reached XP level 8. HP: 36/67 MP: 6/13
  6486 | D:5      | Noticed Eustachio
  6516 | D:5      | Killed Eustachio
  6627 | D:5      | Got a slimy robe
  6638 | D:5      | Identified the +2 robe "Ixeuwuiczi" {Dex+3} (You found it on level 5 of the Dungeon)
  6941 | D:5      | Learned a level 2 spell: Blink
  7012 | D:5      | Reached skill level 4 in Spellcasting
  7304 | D:5      | Learned a level 1 spell: Magic Dart
  7766 | D:6      | Reached skill level 5 in Maces & Flails
  7766 | D:6      | Reached XP level 9. HP: 58/76 MP: 10/15
  7907 | D:6      | Found a sparkling altar of Nemelex Xobeh.
  8253 | D:6      | Reached * piety under Vehumet
  8253 | D:6      | Offered knowledge of Shock by Vehumet.
  8983 | D:7      | Reached skill level 5 in Spellcasting
  9364 | D:7      | Reached skill level 5 in Conjurations
  9395 | D:7      | Reached ** piety under Vehumet
  9395 | D:7      | Offered knowledge of Freeze by Vehumet.
  9395 | D:7      | Reached XP level 10. HP: 41/86 MP: 3/18
  9966 | D:7      | Learned a level 3 spell: Conjure Flame
 10158 | D:7      | Reached skill level 5 in Fighting
 10204 | D:7      | Found a glowing golden altar of the Shining One.
 10332 | D:7      | Found a hazy altar of Hepliaklqana.
 10339 | D:7      | Found an ancient bone altar of Kikubaaqudgha.
 10344 | D:7      | Found a deep blue altar of Sif Muna.
 10356 | D:7      | Found a hide-covered altar of Uskayaw.
 10363 | D:7      | Found a shadowy altar of Dithmenos.
 10368 | D:7      | Found a bloodstained altar of Trog.
 10375 | D:7      | Found a sacrificial altar of Ru.
 10895 | D:8      | Got a sparkling lapis lazuli ring
 10942 | D:8      | Offered knowledge of Inner Flame by Vehumet.
 11015 | D:8      | Reached skill level 1 in Fire Magic
 11369 | D:8      | Identified the ring "Ixauchir" {rPois Str+3} (You found it on level 8 of the Dungeon)
 11497 | D:8      | Reached skill level 6 in Spellcasting
 11553 | D:8      | Noticed a two-headed ogre
 11571 | D:8      | Reached *** piety under Vehumet
 11586 | D:8      | Killed a two-headed ogre
 12077 | D:9      | Reached XP level 11. HP: 95/95 MP: 15/20
 12092 | D:9      | Offered knowledge of Static Discharge by Vehumet.
 12092 | D:9      | Reached skill level 10 in Stealth
 12260 | D:9      | Noticed a two-headed ogre
 12279 | D:9      | Killed a two-headed ogre
 12391 | D:9      | Found a glowing golden altar of the Shining One.
 12391 | D:9      | Found an iron altar of Okawaru.
 12567 | D:9      | Learned a level 3 spell: Stone Arrow
 12615 | D:9      | Noticed Erolcha
 12626 | D:9      | Killed Erolcha
 12734 | D:9      | Reached **** piety under Vehumet
 12823 | D:9      | Noticed a cyan ugly thing
 12847 | D:9      | Killed a cyan ugly thing
 13360 | D:9      | Offered knowledge of Ignite Poison by Vehumet.
 13449 | D:9      | Learned a level 3 spell: Ignite Poison
 13556 | D:10     | Entered Level 10 of the Dungeon
 13650 | D:10     | Noticed a green ugly thing
 13708 | D:10     | Killed a green ugly thing
 13987 | D:10     | Reached skill level 7 in Spellcasting
 13996 | D:10     | Reached skill level 1 in Shields
 14490 | D:10     | Found a staircase to the Orcish Mines.
 14793 | D:10     | Reached XP level 12. HP: 80/105 MP: 22/22
 14944 | D:10     | Found a roughly hewn altar of Beogh.
 15064 | D:11     | Found Gafesh's Assorted Antiques.
 15081 | D:11     | Bought a scroll of identify for 46 gold pieces
 15081 | D:11     | Bought a scroll labeled LICUCV RU UMEP for 23 gold pieces
 15081 | D:11     | Bought a lumpy filigree amulet for 115 gold pieces
 15081 | D:11     | Bought a sedimented coppery potion for 20 gold pieces
 15081 | D:11     | Bought a scroll labeled BEUNIU YSIESM for 23 gold pieces
 15081 | D:11     | Bought a potion of curing for 69 gold pieces
 15155 | D:11     | Noticed a death yak
 15155 | D:11     | Noticed a death yak
 15157 | D:11     | Noticed a death yak
 15340 | D:11     | Noticed Sonja
 15354 | D:11     | Reached skill level 10 in Maces & Flails
 15358 | D:11     | Banished Sonja
 15619 | D:11     | Reached ***** piety under Vehumet
 15619 | D:11     | Reached skill level 10 in Poison Magic
 15625 | D:11     | Offered knowledge of Freezing Cloud by Vehumet.
 15640 | D:11     | Killed a death yak
 15643 | D:11     | Killed a death yak
 15646 | D:11     | Killed a death yak
 15772 | D:11     | Found a staircase to the Lair.
 15797 | D:11     | Learned a level 6 spell: Freezing Cloud
 15853 | D:11     | Found a blossoming altar of Fedhas.
 15946 | D:11     | Reached skill level 1 in Ice Magic
 16441 | Lair:1   | Entered Level 1 of the Lair of Beasts
 16534 | Lair:1   | Reached skill level 8 in Spellcasting
 18030 | Lair:2   | Gained mutation: You can use your snake-like lower body to constrict enemies. [Naga growth]
 18030 | Lair:2   | Reached XP level 13. HP: 114/114 MP: 16/25
 18248 | Lair:2   | Reached skill level 5 in Air Magic
 18374 | Lair:2   | Found a staircase to the Swamp.
 18529 | Lair:3   | Found a labyrinth entrance.
 18544 | Lab      | Entered a labyrinth
 19061 | Lab      | Noticed a minotaur
 19069 | Lab      | Killed a minotaur
 19073 | Lab      | Got a steaming triple sword {flame}
 19079 | Lab      | Identified the +10 triple sword of Vunk {flame, +Inv rC+ Str-3} (You took it off a minotaur in a labyrinth)
 19093 | Lab      | Got a smoking glass ring
 19097 | Lab      | Identified the ring "Nudeduaq" {MR++ AC+2} (You found it in a labyrinth)
 19785 | Lair:3   | Noticed Urug
 19799 | Lair:3   | Killed Urug
 20222 | Lair:4   | Offered knowledge of Force Lance by Vehumet.
 20234 | Lair:4   | Learned a level 5 spell: Fireball
 20339 | Lair:4   | Reached skill level 5 in Fire Magic
 20353 | Lair:4   | Reached skill level 9 in Spellcasting
 20682 | Lair:4   | Found a staircase to the Snake Pit.
 20787 | Lair:4   | Got a twisted buckler
 20798 | Lair:4   | Identified the +1 buckler of Tutiev {+Inv MR++} (You found it on level 4 of the Lair of Beasts)
 20852 | Lair:4   | Reached skill level 5 in Ice Magic
 22222 | Lair:6   | Entered Level 6 of the Lair of Beasts
 22303 | Lair:6   | Found a shattered altar of Ashenzari.
 22639 | Lair:6   | Reached XP level 14. HP: 123/123 MP: 18/27
 23124 | Lair:6   | Offered knowledge of Bolt of Magma by Vehumet.
 23184 | Lair:6   | Reached skill level 10 in Conjurations
 23830 | Lair:6   | Reached skill level 10 in Spellcasting
 24083 | Lair:6   | Found a burning altar of Makhleb.
 24089 | Lair:6   | Found a gateway to Hell.
 24421 | Lair:6   | Found a staircase to the Slime Pits.
 25322 | D:12     | Offered knowledge of Ozocubu's Refrigeration by Vehumet.
 25687 | D:12     | Gained mutation: You are clumsy. (Dex -2) [a neqoxec]
 25699 | D:12     | Gained mutation: You tend to lose your temper in combat. [a neqoxec]
 26150 | D:12     | Reached XP level 15. HP: 81/129 MP: 27/29
 26242 | D:12     | Found a roughly hewn altar of Beogh.
 26722 | D:13     | Offered knowledge of Poison Arrow by Vehumet.
 26731 | D:13     | Learned a level 6 spell: Poison Arrow
 26888 | D:13     | Found a gate to the Vaults.
 27314 | D:13     | Found Ixyhoehi's Antique Weapon Shoppe.
 27402 | D:14     | Upgraded the game from 0.21-a0-13-g3fd62ac to 0.21-a0-19-g210df22
 28272 | D:14     | Reached skill level 11 in Spellcasting
 28517 | D:14     | Found Veune's Gadget Emporium.
 29430 | D:15     | Entered Level 15 of the Dungeon
 29433 | D:15     | Reached skill level 1 in Armour
 29987 | D:15     | Found an iron altar of Okawaru.
 29989 | D:15     | Noticed Louise
 30000 | D:15     | Killed Louise
 30237 | D:15     | Reached XP level 16. HP: 83/138 MP: 25/31
 30835 | D:15     | Offered knowledge of Bolt of Cold by Vehumet.
 31257 | D:15     | Learned a level 6 spell: Bolt of Cold
 31791 | D:15     | Found a staircase to the Depths.
 31989 | Orc:1    | Entered Level 1 of the Orcish Mines
 32048 | Orc:1    | Noticed Nergalle
 32054 | Orc:1    | Killed Nergalle
 32256 | Orc:1    | Found Joamaq's Magic Scroll Shoppe.
 32263 | Orc:1    | Bought a scroll of blinking for 97 gold pieces
 32263 | Orc:1    | Bought a scroll of blinking for 97 gold pieces
 32263 | Orc:1    | Bought a scroll of teleportation for 39 gold pieces
 32263 | Orc:1    | Bought a scroll of enchant weapon for 97 gold pieces
 32734 | Orc:2    | Entered Level 2 of the Orcish Mines
 33300 | Orc:2    | Found Finis's Distillery.
 33302 | Orc:2    | Found Lieb's Food Shop.
 33965 | Orc:2    | Noticed Jarlath's ghost (journeyman DEIE)
 33970 | Orc:2    | Killed Jarlath's ghost
 34887 | Orc:2    | Found a roughly hewn altar of Beogh.
 34900 | Orc:2    | Offered knowledge of Spellforged Servitor by Vehumet.
 35410 | Orc:2    | Reached skill level 5 in Dodging
 35717 | Orc:2    | Reached skill level 10 in Fire Magic
 35915 | Orc:2    | Found Xaluz's Book Shoppe.
 35915 | Orc:2    | Found a one-way gate leading to the halls of Pandemonium.
 35915 | Orc:2    | Found Eruajeod's Antique Armour Emporium.
 35920 | Orc:2    | Bought a faintly humming leather armour for 224 gold pieces
 36081 | Orc:2    | Found a staircase to the Elven Halls.
 36307 | Swamp:1  | Entered Level 1 of the Swamp
 36639 | Swamp:1  | Reached skill level 12 in Spellcasting
 36639 | Swamp:1  | Reached XP level 17. HP: 144/144 MP: 15/33
 37640 | Swamp:2  | Identified the +2 leather armour of Mussewk {MR+} (You bought it in a shop on level 2 of the Orcish Mines)
 38592 | Swamp:3  | Lost mutation: You are clumsy. (Dex -2) [potion of mutation]
 38592 | Swamp:3  | Lost mutation: You tend to lose your temper in combat. [potion of mutation]
 38592 | Swamp:3  | Gained mutation: Your body sometimes deteriorates upon taking damage. [potion of mutation]
 38592 | Swamp:3  | Gained mutation: You evolve. [potion of mutation]
 38592 | Swamp:3  | Gained mutation: Your muscles are strong. (Str +2) [potion of mutation]
 38592 | Swamp:3  | Gained mutation: You are robust. (+10% HP) [potion of mutation]
 39018 | Swamp:4  | Entered Level 4 of the Swamp
 39247 | Swamp:3  | Reached skill level 5 in Armour
 39655 | Swamp:4  | Reached ****** piety under Vehumet
 40399 | Swamp:4  | Offered knowledge of Lehudib's Crystal Spear by Vehumet.
 40399 | Swamp:4  | Offered knowledge of Shatter by Vehumet.
 40399 | Swamp:4  | Offered knowledge of Chain Lightning by Vehumet.
 41138 | Swamp:4  | Got a decaying rune of Zot
 41242 | Swamp:4  | Reached skill level 13 in Spellcasting
 41242 | Swamp:4  | Reached XP level 18. HP: 167/167 MP: 35/35
 41243 | Swamp:4  | Reached XP level 19. HP: 173/173 MP: 36/36
 41244 | Swamp:4  | Reached XP level 20. HP: 182/182 MP: 37/37
 41255 | Swamp:4  | Learned a level 8 spell: Ignition
 41418 | Snake:1  | Entered Level 1 of the Snake Pit
 41618 | Snake:1  | Identified a scroll of acquirement
 41822 | Snake:1  | Reached XP level 21. HP: 189/189 MP: 35/38
 42120 | Snake:1  | Gained mutation: You possess an exceptional clarity of mind. [evolution]
 42833 | Snake:2  | Noticed Vashnia
 42923 | Snake:2  | Noticed Asterion
 43806 | Snake:1  | Killed Vashnia
 44407 | Snake:2  | Noticed Aizul
 44419 | Snake:2  | Killed Aizul
 44735 | Snake:3  | Noticed Donald
 44742 | Snake:3  | Killed Donald
 44742 | Snake:3  | Reached skill level 14 in Spellcasting
 44830 | Snake:3  | Killed Asterion
 45727 | Snake:3  | Noticed Agnes
 45734 | Snake:3  | Killed Agnes
 46539 | Snake:4  | Entered Level 4 of the Snake Pit
 47128 | Snake:4  | Found Mozetu's Weapon Boutique.
 47748 | Snake:4  | Reached XP level 22. HP: 206/206 MP: 23/40
 48324 | Snake:4  | Reached skill level 5 in Shields
 48829 | Snake:4  | Got a serpentine rune of Zot
 48891 | Snake:4  | Reached skill level 10 in Fighting
 49052 | Snake:4  | Gained mutation: You have a pair of small antennae on your head. [evolution]
 49466 | Orc:1    | Bought a scroll of acquirement for 676 gold pieces
 49565 | Orc:2    | Bought a royal jelly for 26 gold pieces
 49565 | Orc:2    | Bought a meat ration for 65 gold pieces
 49565 | Orc:2    | Bought a meat ration for 65 gold pieces
 49565 | Orc:2    | Bought 4 fruits for 78 gold pieces
 49565 | Orc:2    | Bought 2 fruits for 39 gold pieces
 49565 | Orc:2    | Bought a royal jelly for 26 gold pieces
 49565 | Orc:2    | Bought a meat ration for 65 gold pieces
 49565 | Orc:2    | Bought a meat ration for 65 gold pieces
 49567 | Orc:2    | Bought a potion of curing for 33 gold pieces
 49567 | Orc:2    | Bought a potion of curing for 33 gold pieces
 49567 | Orc:2    | Bought a potion of curing for 33 gold pieces
 49567 | Orc:2    | Bought a potion of might for 44 gold pieces
 49567 | Orc:2    | Bought a potion of cancellation for 88 gold pieces
 49771 | Vaults:1 | Entered Level 1 of the Vaults
 50080 | Vaults:1 | Identified the Guide on Supportive Moulding
 50373 | Vaults:1 | Reached skill level 15 in Spellcasting
 50611 | Vaults:1 | Got a crude leather armour
 50622 | Vaults:1 | Identified the +0 leather armour of the Realm of Zot {rElec Stlth+} (You found it on level 1 of the Vaults)
 50980 | Vaults:1 | Reached skill level 15 in Fire Magic
 52505 | Vaults:2 | Noticed Strat's ghost (adept TeWz)
 52519 | Vaults:2 | Noticed Mennas
 52544 | Vaults:2 | Found a staircase to the Crypt.
 52707 | Vaults:2 | Reached XP level 23. HP: 205/222 MP: 20/42
 52716 | Vaults:2 | Killed Strat's ghost
 54304 | Vaults:2 | HP: 7/225 [Mennas/trishula of holy wrath (33)]
 55103 | Vaults:2 | Reached skill level 16 in Spellcasting
 55694 | Vaults:3 | Identified Sif Muna's Tome of Air and the Escort
 55744 | Vaults:3 | Noticed Frederick
 55756 | Vaults:3 | Killed Frederick
 55989 | Vaults:3 | Found Umnaezeb's Assorted Antiques.
 55993 | Vaults:3 | Bought a potion of resistance for 260 gold pieces
 55993 | Vaults:3 | Bought an emerald ring for 130 gold pieces
 56395 | Vaults:3 | Lost mutation: Your body sometimes deteriorates upon taking damage. [evolution]
 56533 | Vaults:3 | Learned a level 1 spell: Summon Butterflies
 57200 | Vaults:3 | Reached XP level 24. HP: 237/237 MP: 38/43
 57494 | Vaults:4 | Learned a level 8 spell: Lehudib's Crystal Spear
 57559 | Vaults:4 | Reached skill level 1 in Earth Magic
 58969 | Vaults:4 | Reached skill level 5 in Earth Magic
 59985 | Vaults:4 | Reached skill level 17 in Spellcasting
 61090 | Vaults:4 | Noticed Sojobo
 61107 | Vaults:4 | Killed Sojobo
 61139 | Vaults:4 | Reached XP level 25. HP: 244/251 MP: 44/44
 61983 | Depths:1 | Entered Level 1 of the Depths
 62052 | Depths:1 | Found a one-way gate to the infinite horrors of the Abyss.
 62304 | Depths:1 | Reached skill level 10 in Earth Magic
 62375 | Depths:1 | Lost mutation: You evolve. [evolution]
 63702 | Depths:2 | Noticed Mara
 63704 | Depths:2 | Noticed Vinniefish's illusion
 64704 | Depths:2 | Learned a level 6 spell: Bolt of Fire
 65007 | Depths:2 | Reached skill level 15 in Fighting
 65418 | Depths:2 | Learned a level 4 spell: Airstrike
 65779 | Depths:2 | Noticed a juggernaut
 67102 | Depths:3 | Noticed Vinniefish's illusion
 67105 | Depths:3 | Killed Mara
 67105 | Depths:3 | Reached skill level 18 in Spellcasting
 67105 | Depths:3 | Reached XP level 26. HP: 266/266 MP: 16/45
 68251 | Depths:3 | Paralysed by a floating eye for 3 turns
 68576 | Depths:3 | Reached skill level 15 in Conjurations
 71606 | Depths:4 | Reached XP level 27. HP: 277/277 MP: 21/45
 71868 | Depths:4 | Reached skill level 15 in Earth Magic
 72467 | Depths:4 | Gained mutation: You are agile. (Dex +2) [a neqoxec]
 73232 | Depths:4 | Found a shadowy altar of Dithmenos.
 73238 | Depths:4 | Got shimmering shadow dragon scales
 73360 | Depths:4 | Identified the +5 shadow dragon scales of Mifis {rC+ Int-5 SInv Stlth++++} (You found it on level 4 of the Depths)
 73551 | Depths:5 | Entered Level 5 of the Depths
 74078 | Depths:5 | Noticed Saint Roka
 74088 | Depths:5 | Killed Saint Roka
 74176 | Depths:5 | Noticed Jory
 75316 | Depths:5 | Noticed Xtahua
 75322 | Depths:5 | Killed Jory
 75490 | Depths:5 | Killed Xtahua
 75646 | Depths:5 | Found Nes Yckyi's General Store.
 75697 | Depths:5 | Bought a scroll of enchant weapon for 150 gold pieces
 76049 | Depths:5 | Found a gateway to a ziggurat.
 76265 | Depths:5 | Found a gate to the Realm of Zot.
 76737 | Vaults:3 | Bought a scroll of immolation for 91 gold pieces
 76737 | Vaults:3 | Bought a scroll of immolation for 91 gold pieces
 76864 | Vaults:5 | Entered Level 5 of the Vaults
 76871 | Vaults:5 | Reached skill level 19 in Spellcasting
 76874 | Vaults:5 | Noticed an ancient lich
 77245 | D:11     | Bought a scroll of immolation for 80 gold pieces
 77615 | Vaults:4 | Killed an ancient lich
 78438 | Vaults:5 | Noticed an ancient lich
 78622 | Vaults:5 | Reached skill level 10 in Dodging
 78626 | Vaults:5 | HP: 8/283 [disintegration (28)]
 78626 | Vaults:5 | Demolished by a vault warden

Vault maps used:
D:1:      shiori_arrival_whats_in_store_for_you
D:2:      small_statue_intersection, uniq_terence
D:3:      cheibrodos_sewer_entry_drain, first_bread,
          nemelex_xobeh_ov_fountains_minmay
D:4:      minmay_temple_entry_enclosed_plants, interstate_on_off,
          minmay_misc_feat_pillars
D:5:      grunt_decor_fettered, uniq_blork_the_orc, uniq_grinder, uniq_eustachio
D:6:      black_bear_nest_2, nemelex_spade_bored_becter
D:7:      grunt_temple_overflow_octagram, basic_altar, grunt_livestock,
          kennysheep_decorative_pillar, grunt_ministairs_12,
          minmay_misc_feat_nine_boxes
D:9:      chequers_temple_overflow_statue_of_worship, serial_curves,
          eino_curves_04, eino_curves_02, eino_curves_03, uniq_erolcha
D:10:     minmay_orc_entry_temple_small, grunt_ministairs_10,
          kennysheep_generic_room_13
D:11:     dpeg_lair_monsters, serial_shops, nicolae_shop_statue_plus,
          minivault_27, minivault_1, fedhas_altar_decomposition, uniq_sonja
D:12:     special_room, minivault_16
D:13:     lightli_vaults_fourway_checkpoint, serial_shops,
          nicolae_shop_overgrown_old_shop, kennysheep_boxes
D:14:     enter_bailey_3, serial_shops, kennysheep_mini_moat,
          minmay_crystal_room
D:15:     hangedman_depths_entry_civil_slaughter, okawaru_ov_weapons_minmay,
          st_stairs_5, uniq_louise
Temple:   nicolae_temple_figure_eight
Lair:2:   minmay_swamp_entry_worms
Lair:3:   lab_entry_generic, lemuel_fruit_tree, minmay_lair_oklob_chamber,
          grunt_megastairs_3, uniq_urug
Lair:4:   minmay_snake_entry_guardpost_medium
Lair:5:   serial_bayou_pond_e, grunt_megastairs_4, infiniplex_staircase_pool
Lair:6:   evil_forest, minmay_slime_entry_pillars, basic_altar, st_stairs_4,
          minmay_hedge_maze
Swamp:1:  hangedman_swamp_lotus
Swamp:2:  evilmike_swamp_ruin_house_2, swamp_pool1
Swamp:3:  hangedman_swamp_ruin_wall, swamp_pool1, infiniplex_staircase_pool_2
Swamp:4:  swamp_basic_johnstein
Snake:2:  uniq_vashnia, uniq_asterion, uniq_aizul
Snake:3:  library_closet, uniq_donald, uniq_agnes
Snake:4:  snake_pit_salamanders_mu, serial_shops, shop, grunt_ministairs_4
Orc:1:    serial_shops, nicolae_shop_window_shopping, nooodl_orcs_dogs,
          uniq_nergalle
Orc:2:    pf_orc_diabolical, minmay_orc_temple_c
Vaults:1: vaults_room_grid, hangedman_vaults_maws,
          nicolae_vaults_windows_and_doors_thing, vaults_room_octagon,
          v_misc_23, v_misc_16, vaults_dpeg_cross, vaults_room_guarded_vault,
          v_misc_25, grunt_vaults_hallway_long, ontoclasm_vaults_gateway,
          vaults_room_hallway, nicolae_vaults_asterisk,
          nicolae_vaults_little_squares_2, v_misc_1
Vaults:2: v_rooms_3, v_misc_17, minmay_crypt_entry_simple_sparse, v_misc_4,
          hangedman_vaults_cutoff, nicolae_vaults_sealed_display,
          nicolae_vaults_yaktaur_gun_rack, vaults_dpeg_ring,
          grunt_vaults_hallway_short, nicolae_vaults_specimen_jars,
          portal_desolation_entry_salt, uniq_mennas
Vaults:3: hangedman_vaults_stream, st_lines, v_misc_29, v_alt_pattern_3,
          hangedman_vaults_variations, vaults_standard_mumra_enter_the_diamond,
          vaults_room_stairs_pillars, vaults_mumra_chevron_long, serial_shops,
          nicolae_shop_trees, uniq_frederick
Vaults:4: vaults_standard_mumra_lines, v_misc_33, ontoclasm_vaults_tryst,
          st_greater_box_3, nicolae_vaults_stairing_the_circle,
          ontoclasm_vaults_loading_screen, hangedman_vaults_restitches,
          v_alt_pattern_6, v_misc_15, ontoclasm_vaults_spin, v_misc_19,
          nicolae_vaults_little_squares_5, nicolae_vaults_theta,
          ontoclasm_vaults_twist, serial_ice_m, uniq_sojobo
Depths:1: serial_sigils, serial_sigils_hangedman_shear,
          serial_sigils_hangedman_carve, serial_sigils_hangedman_gnaw,
          serial_sigils_hangedman_clutch, grunt_hell_entry_dis_mu,
          hangedman_abyss_entry_splay, serial_sigils_hangedman_leer,
          corexii_hall_statues_i, nicolae_lava_and_water
Depths:2: hangedman_arch_fort, pan_entry, hell_entry, serial_bayou_pond_d,
          kennysheep_small_spiral, minmay_holes, minivault_12,
          minmay_staircase_windowed_large, uniq_mara
Depths:3: evilmike_marble_ring, hell_entry, pan_entry, grunt_ministairs_1
Depths:4: regret_index_dithmenos_brocken_genspenst, abyss_entry, hell_entry,
          wad_floor_pattern_1
Depths:5: grunt_zot_entry_bicorn, enter_ziggurat_c, hangedman_tar_grid_catacomb,
          serial_shops, shop, roderic_lattice_a, minmay_misc_feat_doors,
          uniq_saint_roka, uniq_xtahua, uniq_jory
Lab:      nicolae_lab_big_swirl, labyrinth_lava_lair, nicolae_lab_statue,
          labyrinth_skeletal_remains, nicolae_lab_x, nicolae_lab_arrow
Sewer:    sewer_kobolds

Skill      XL: |  1  2  3  4  5  6  7  8  9 10 11 12 13 14 15 16 17 18 19 20 21 22 23 24 25 26 27 |
---------------+----------------------------------------------------------------------------------+-----
Air Magic      | 1 2 3 4 6 8 9 |  9.9
Stealth        | 4 5 7 8 9 10 | 10.4
Fighting       | 1 2 3 4 5 6 7 9 11 12 14 15 16 17 | 17.2
Maces & Flails | 1 2 3 5 6 8 9 10 | 10.4
Conjurations   | 2 3 4 5 6 7 8 9 10 11 12 13 14 15 16 | 16.4
Spellcasting   | 3 4 5 6 7 8 9 10 11 12 13 14 15 16 17 18 19 | 19.2
Poison Magic   | 5 6 7 8 9 10 | 10.2
Fire Magic     | 2 3 6 7 9 10 11 12 13 14 15 16 17 | 17.5
Shields        | 1 2 4 7 9 |  9.4
Ice Magic      | 3 5 7 9 |  9.7
Dodging        | 2 5 6 7 8 10 | 10.0
Armour         | 1 4 5 6 7 9 |  9.2
Earth Magic    | 9 12 14 17 | 17.1

Action                   |  1- 3 |  4- 6 |  7- 9 | 10-12 | 13-15 | 16-18 | 19-21 | 22-24 | 25-27 || total
-------------------------+-------+-------+-------+-------+-------+-------+-------+-------+-------++-------
Melee: Unarmed           |     6 |       |       |       |       |       |       |       |       ||     6
       Club              |     7 |       |       |       |       |       |       |       |       ||     7
       Morningstar       |       |    80 |   190 |   583 |  1048 |   681 |   218 |   852 |   748 ||  4400
       Constrict         |       |       |       |       |   183 |   101 |    44 |   149 |   101 ||   578
Throw: Stone             |       |       |     1 |       |       |       |       |       |       ||     1
       Throwing net      |       |       |       |       |       |     1 |     3 |     2 |       ||     6
 Cast: Sting             |    54 |    24 |     9 |    14 |     6 |       |       |       |       ||   107
       Poisonous Vapours |     5 |    46 |    50 |    91 |    59 |     1 |       |       |       ||   252
       Mephitic Cloud    |     1 |     2 |    20 |    56 |    57 |    12 |       |     2 |     2 ||   152
       Magic Dart        |       |       |    37 |    74 |     1 |       |       |       |       ||   112
       Stone Arrow       |       |       |       |    35 |    38 |       |       |       |       ||    73
       Ignite Poison     |       |       |       |     1 |       |    81 |       |       |       ||    82
       Olgreb's Toxic Ra |       |       |       |     1 |       |    43 |       |       |       ||    44
       Conjure Flame     |       |       |       |     3 |       |       |       |       |       ||     3
       Fireball          |       |       |       |       |   156 |    78 |    43 |   173 |    70 ||   520
       Freezing Cloud    |       |       |       |       |    24 |    91 |   153 |   273 |   344 ||   885
       Poison Arrow      |       |       |       |       |     6 |       |       |       |       ||     6
       Bolt of Cold      |       |       |       |       |       |    55 |    49 |    86 |    93 ||   283
       Blink             |       |       |       |       |       |     1 |       |     5 |     6 ||    12
       Ignition          |       |       |       |       |       |       |       |    31 |    71 ||   102
       Bolt of Fire      |       |       |       |       |       |       |       |       |   125 ||   125
       Lehudib's Crystal |       |       |       |       |       |       |       |       |    33 ||    33
 Abil: Spit Poison       |    11 |     1 |       |     1 |       |       |       |       |       ||    13
Evoke: Wand              |       |       |     9 |     2 |     6 |       |       |     1 |     6 ||    24
  Use: Scroll            |       |    13 |     3 |    14 |    24 |    13 |    10 |    13 |    21 ||   111
       Potion            |       |       |       |     1 |     8 |     5 |     1 |     8 |    12 ||    35
 Stab: Sleeping          |       |     2 |     2 |     8 |    17 |     2 |     4 |     3 |       ||    38
       Confused          |       |       |     9 |    32 |    38 |       |       |       |       ||    79
       Distracted        |       |       |       |     2 |     6 |     3 |       |     2 |     3 ||    16
       Invisible         |       |       |       |       |     2 |       |       |       |       ||     2
  Eat: Chunk             |     5 |    10 |    23 |    25 |    42 |    55 |    26 |   102 |    92 ||   380
       Fruit             |       |       |     2 |       |    11 |     6 |     4 |    11 |       ||    34
       Royal jelly       |       |       |       |       |     5 |    11 |    16 |     3 |     1 ||    36
       Meat ration       |       |       |       |       |     5 |     1 |     2 |     3 |    12 ||    23
       Bread ration      |       |       |       |       |       |       |       |       |     2 ||     2
Armor: Robe              |     3 |    16 |    71 |    42 |       |       |       |       |       ||   132
       Troll leather arm |       |       |       |   114 |   558 |   465 |   152 |   410 |   408 ||  2107
       Fire dragon scale |       |       |       |       |       |       |       |       |    53 ||    53
Dodge: Dodged            |    12 |    49 |   118 |   262 |   357 |   331 |   100 |   353 |   359 ||  1941
       Deflected         |       |       |       |       |       |       |       |    47 |    58 ||   105
Block: Buckler           |       |       |       |    51 |   328 |   250 |    94 |   223 |       ||   946
       Reflection        |       |       |       |       |     9 |     8 |    32 |    66 |    88 ||   203
       Shield            |       |       |       |       |       |       |       |   190 |   674 ||   864
